 Dungeon Crawl Stone Soup version 0.17.2-1-ge4368a0 (webtiles) character file.

82 rlgrobin the Twirler (level 4, -1/23 HPs)
             Began as a Vine Stalker Gladiator on Apr 20, 2017.
             Slain by an ogre
             ... wielding a +0 giant club
              (17 damage)
             ... on level 5 of the Dungeon.
             The game lasted 00:02:53 (2047 turns).

rlgrobin the Twirler (Vine Stalker Gladiator)       Turns: 2047, Time: 00:02:53

Health: -1/23      AC:  4    Str: 18    XL:     4   Next: 43%
Magic:  0/5        EV: 17    Int:  8    God:
Gold:   87         SH:  0    Dex: 15    Spells: 0 memorised, 3 levels left

rFire  . . .     SeeInvis .     a - +0 quarterstaff
rCold  . . .     Clarity  .     b - +0 leather armour
rNeg   . . .     SustAt   +     (shield currently unavailable)
rPois  .         Gourm    .     c - +0 helmet
rElec  .         Spirit   +     (no cloak)
rCorr  .         Warding  .     (no gloves)
rMut   .         Stasis   .     (no boots)
MR     .....                    (no amulet)
Stlth  +.........               n - ring of sustain attributes
                                o - +5 ring of evasion

@: not resistant to hostile enchantments, very unstealthy
A: fangs 2, regeneration 1, magic shield, antimagic bite, no device heal 3, rot
immunity
a: no special abilities


You were on level 5 of the Dungeon.
You were completely stuffed.

You visited 1 branch of the dungeon, and saw 5 of its levels.

You collected 87 gold pieces.


Innate Abilities, Weirdness & Mutations

You have extremely sharp teeth.
Your natural rate of healing is unusually fast.
When hurt, damage is shared between your health and your magic reserves.
Your bite disrupts and absorbs the magic of your enemies.
Potions and wands cannot restore your health.
You are immune to rotting.


   Skills:
 - Level 1.7 Fighting
 + Level 4.6 Staves
 - Level 1.7 Throwing
 - Level 2.4 Dodging


You had 3 spell levels left.
You didn't know any spells.

Inventory:

Hand Weapons
 a - a +0 quarterstaff (weapon)
Missiles
 d - 3 throwing nets {=f}
Armour
 b - a +0 leather armour (worn)
 c - a +0 helmet (worn)
 f - a +0 buckler
Jewellery
 l - an uncursed amulet of rage {unknown}
 m - an uncursed amulet of resist mutation {unknown}
 n - a ring of sustain attributes (right hand)
 o - a +5 ring of evasion (left hand)
 p - an uncursed ring of teleportation
Scrolls
 h - a scroll of teleportation {unknown}
 i - a scroll of random uselessness {unknown}
 j - a scroll of identify {@r1}
 k - a scroll of fear {unknown}
Comestibles
 e - 3 bread rations

Dungeon Overview and Level Annotations

Branches:
Dungeon (5/15)
 Temple: D:4-7

Altars:
Nemelex Xobeh
Okawaru

Annotations:
D:3 rlgrobin's ghost, amateur KoGl
D:4 rlgrobin's ghost, amateur VSGl

▒▒▒▒▒▒▒▒ ▒.......
▒....... ▒.......
▒▒▒▒▒▒▒▒▒▒ ▒.......
▒.▒▒▒........▒▒▒▒▒.......
.>.....Of............▒▒▒▒
▒........................
▒▒..▒.▒.▒▒▒▒.▒▒▒▒▒▒...▒▒▒
... ▒.▒.▒ ▒........▒.▒▒ .
▒ ▒.. ▒..▒▒▒▒▒▒▒..▒ ▒▒▒
▒..▒ ▒▒.▒ ▒..▒ ▒.▒▒ ▒..▒
▒..▒ ▒▒.▒


You could see an ogre.


Message History

< - no ring (left) > or
p - a cursed ring of teleportation (right)
o - a +5 ring of evasion (left hand) Read which item? (? for menu, Esc to quit)
As you read the scroll labeled FINIBUR BAGYFORR, it crumbles to dust!
It is a scroll of identify!
Identify which item? (\ to view known items) (? for menu, Esc to quit)
g - a scroll of remove curse Read which item? (? for menu, Esc to quit)
Identify which item? (\ to view known items) (? for menu, Esc to quit)
Okay, then!
Read which item? (? for menu, Esc to quit)
As you read the scroll of remove curse, it crumbles to dust!
You feel as if something is helping you!
Put on which piece of jewellery? (? for menu, Esc to quit)
You're wearing all the rings you can!
Remove which one? (? for menu, Esc to cancel) < or
o - a +5 ring of evasion; > or
p - a ring of teleportation You remove your ring of teleportation!
n - a ring of sustain attributes (right hand)
The ogre hits you with a giant club!!!
You take 8 damage, and have 15/23 hp!
MASSIVE DAMAGE!!!!!!
You now have 3/5 mp!
You crush the ogre like a grape!
The ogre is lightly wounded!
You pound the ogre like an anvil!!! You bite the ogre! You drain its power!
You feel invigorated!
The ogre is heavily wounded!
The ogre hits you with a giant club!!!!!!
DANG rip

Action                   |  1- 3 |  4- 6 || total
-------------------------+-------+-------++-------
Melee: Quarterstaff      |    52 |    13 ||    65
       Unarmed           |     6 |       ||     6
  Use: Scroll            |       |     2 ||     2
  Eat: Royal jelly       |     1 |       ||     1
       Meat ration       |     1 |       ||     1
       Bread ration      |       |     1 ||     1

Vault maps used:
D:1:      mushboom_english_gardens, minivault_11, minmay_misc_feat_diagonals
D:2:      uniq_iyjb
D:3:      okawaru_ov_weapons_minmay
D:4:      nemelex_xobeh_ov_fountains_minmay, gammafunk_temple_overflow_statue,
          minmay_temple_entry_trees, serial_shops, shop_statue
D:5:      lemuel_ice_spiral_2, first_bread, serial_curves, eino_curves_04,
          eino_curves_03, eino_curves_03, eino_curves_02,
          nicolae_ossuary_entry_ruins, uniq_duvessa, uniq_crazy_yiuf_cottage

Notes
Turn   | Place    | Note
--------------------------------------------------------------
     0 | D:1      | rlgrobin the Vine Stalker Gladiator began the quest for the Orb.
     0 | D:1      | Reached XP level 1. HP: 11/11 MP: 2/2
   257 | D:1      | Reached skill level 3 in Staves
   574 | D:2      | Reached XP level 2. HP: 6/15 MP: 3/3
   798 | D:2      | Noticed Ijyb
   817 | D:2      | Killed Ijyb
   817 | D:2      | Reached skill level 4 in Staves
   817 | D:2      | Reached XP level 3. HP: 18/18 MP: 4/4
  1500 | D:3      | Noticed rlgrobin's ghost (amateur KoGl)
  1518 | D:3      | Reached XP level 4. HP: 6/23 MP: 3/5
  1518 | D:3      | HP: 2/23 [rlgrobin's ghost (4)]
  1596 | D:2      | Alright, D:3 is safe
  1751 | D:3      | Found an iron altar of Okawaru.
  1838 | D:4      | Found a sparkling altar of Nemelex Xobeh.
  1855 | D:4      | Noticed rlgrobin's ghost (amateur VSGl)
  1855 | D:4      | ooh D:4 is good too
  1880 | D:5      | Entered Level 5 of the Dungeon
  2035 | D:5      | Noticed an ogre
  2047 | D:5      | Slain by an ogre

Vanquished Creatures
  Ijyb (D:2)
  A giant frog skeleton (D:3)
  An adder (D:2)
  A worm (D:2)
  A giant cockroach (D:2)
  A hobgoblin (D:3)
  3 bats
  2 giant newts
  4 goblins
  A kobold (D:1)
  3 rats
19 creatures vanquished.
